AoeStats
← 虎!虎!虎!

Fortress

509828568Analyzed
4v4 RM · 2d ago on Sep 28, 2026· 6m 41s· 8 players
Game mode
Random Map
Map size
Huge
Population
200
Speed
Normal
Resources
Standard
Victory
Conquest
Starting age
Dark Age
Ending age
Imperial Age
RankedLock teamsTeams togetherTeam positionsShared explorationLock speedFull tech treeHidden civsTurbo modeCheats
Victory
Defeat
🇹🇼 Bohemians · Taiwan
1548
+17
🇨🇳 Georgians · China
1534
+17
🇹🇼 Varangians · Taiwan
1527
+18
🇯🇵 Khmer · Japan
1463
+20
🇯🇵 Sicilians · Japan
1692
-23
🇺🇸 Vietnamese · United States
1576
-19
🇯🇵 Saxons · Japan
1519
-16
🇹🇷 Slavs · Türkiye
1472
-14
虎!虎!虎!
快樂 543
7:41 Feudal Age
god comic
6:50 Feudal Age
快樂987
6:51 Feudal Age
GirlWonder_
happikon.6139
6:50 Feudal Age
ValerioN__
7:14 Feudal Age
toyoruku
6:37 Feudal Age
7:11 Feudal Age
7:18 Feudal Age
Connection lost

Rejoining the realm…

Still unreachable

The connection could not be restored.

Session expired

The server has moved on; the page needs a fresh start.